 Dungeon Crawl Stone Soup version 0.30.1-8-g117510f58f (webtiles) character file.

Game seed: 14753896239067316031

6508 Peloso the Basher (level 10, -9/90 HPs)
             Began as a Minotaur Fighter on Sept 22, 2023.
             Was an Elder of Okawaru.
             Mangled by a two-headed ogre
             ... wielding a +0 giant spiked club
              (14 damage)
             ... on level 8 of the Dungeon.
             The game lasted 00:18:50 (8349 turns).

Peloso the Basher (Minotaur Fighter)                Turns: 8349, Time: 00:18:51

Health: -9/90      AC: 16    Str: 22    XL:     10   Next: 69%
Magic:  9/9        EV:  9    Int:  5    God:    Okawaru [****..]
Gold:   391        SH: 12    Dex: 19    Spells: 9/9 levels left

rFire   . . .        a - +1 long sword (vamp)
rCold   . . .        d - +0 kite shield
rNeg    . . .        v - +0 chain mail
rPois   .            (helmet restricted)
rElec   .            F - +0 cloak
rCorr   .            (no gloves)
SInv    .            (no boots)
Will    .....        (no amulet) Stlth
                     e - +4 ring of protection
HPRegen 0.35/turn    E - +6 ring of dexterity
MPRegen 0.11/turn

%: no passive effects
@: no status effects
A: horns 2, retaliatory headbutt
a: Renounce Religion, Heroism, Finesse


You were on level 8 of the Dungeon.
You worshipped Okawaru.
Okawaru was greatly pleased with you.
You visited 2 branches of the dungeon, and saw 9 of its levels.
You also visited: Ossuary and Bailey.

You collected 624 gold pieces.
You spent 233 gold pieces at shops.

Inventory:

Hand Weapons
 a - a +1 vampiric long sword (weapon)
 b - the +7 whip of the Special Beds {drain, Int+3}
   (You took it off a kobold on level 2 of the Dungeon)

   Int:       It affects your intelligence (+3).
 c - a +0 whip of flaming
Missiles
 I - 8 throwing nets (quivered)
Armour
 d - a +0 kite shield (worn)
 v - a +0 chain mail (worn)
 F - a +0 cloak (worn)
 N - the +2 pair of gloves of the Catamount {Will+++ Regen+ Str-4}
   (You found it on level 7 of the Dungeon)

   Str:       It affects your strength (-4).
   Regen:     It increases your rate of health regeneration.
   Will:      It greatly increases your willpower.
Jewellery
 e - a +4 ring of protection (left hand)
 i - an amulet of magic regeneration
 E - a +6 ring of dexterity (right hand)
 K - a ring of resist corrosion
 O - the ring of Waibbo Ulae {rPois Str+2 Dex+6}
   (You found it on level 8 of the Dungeon)

   [ring of dexterity]

   Str:       It affects your strength (+2).
   Dex:       It affects your dexterity (+6).
   rPois:     It protects you from poison.
Wands
 u - a wand of charming (31)
 D - a wand of flame (8)
 J - a wand of iceblast (11)
Scrolls
 f - a scroll of immolation
 k - 4 scrolls of fog {unknown}
 l - 3 scrolls of teleportation {unknown}
 o - a scroll of fear
 p - a scroll of enchant weapon
 r - 2 scrolls of enchant armour
 t - a scroll of poison
 w - a scroll of torment {unknown}
 y - 5 scrolls of blinking
 A - 4 scrolls of noise
 B - 2 scrolls of vulnerability {unknown}
 C - a scroll of amnesia
 G - 2 scrolls of magic mapping
Potions
 g - 2 potions of ambrosia
 h - 5 potions of curing
 j - 6 potions of mutation
 m - 5 potions of haste
 n - a potion of degeneration {unknown}
 q - 3 potions of might
 s - 6 potions of heal wounds {unknown}
 x - a potion of flight {unknown}
 z - a potion of lignification {unknown}
 H - 2 potions of brilliance {unknown}
 L - a potion of cancellation {unknown}
 M - 2 potions of invisibility


   Skills:
 + Level 8.5 Fighting
 + Level 6.4 Long Blades
 + Level 11.3 Maces & Flails
 + Level 9.4 Armour
 + Level 3.8 Dodging
 + Level 1.4 Stealth
 + Level 8.3 Shields
 + Level 0.2 Invocations
 + Level 0.6 Evocations


You had 9 spell levels left.
You didn't know any spells.
Your spell library contained the following spells:

 Spells                   Type           Power      Damage    Failure   Level
 Sting                    Tmut/Pois      0%         1d3       99%         1
 Poisonous Vapours        Pois/Air       0%         N/A       100%        2
 Static Discharge         Conj/Air       0%         2-2/arc   100%        2
 Dazzling Flash           Conj/Hex       0%         N/A       100%        3
 Volatile Blastmotes      Fire/Tloc      0%         2d10      100%        3
 Airstrike                Air            0%         2d(0-16)  100%        4
 Iskenderun's Mystic Bla  Conj/Tloc      0%         2d3       100%        4
 Olgreb's Toxic Radiance  Pois           0%         N/A       100%        4
 Starburst                Conj/Fire      0%         6d3       100%        6
 Summon Lightning Spire   Summ/Air       Unusable   N/A       N/A         4

Dungeon Overview and Level Annotations

Branches:
Dungeon (8/15)             Temple (1/1) D:6         Ossuary (visited)
 Bailey (visited)
   Lair: D:8-11

Altars:
Fedhas
Gozag
Makhleb
Nemelex Xobeh
Okawaru
Qazlal
Wu Jian

Shops:
D:1 ?   D:3 [   D:6 (   D:7 (


Innate Abilities, Weirdness & Mutations

You have a pair of horns on your head.
You reflexively headbutt those who attack you in melee.


Message History

A two-headed ogre comes into view.
It is wielding a +0 giant spiked club and a +0 giant club.
Found 10 gold pieces.
The two-headed ogre shouts in stereo!
You block the two-headed ogre's attack. The two-headed ogre closely misses you.
Things that are here:
a +0 club; 6 poisoned darts; a +0 whip The two-headed ogre hits you with a +0 giant spiked club!
The two-headed ogre hits you but does no damage.
You slash the two-headed ogre!
You feel better.
You headbutt the two-headed ogre!
The two-headed ogre is moderately wounded.
The two-headed ogre hits you with a +0 giant spiked club!
You block the two-headed ogre's attack.
You hit the two-headed ogre but do no damage.
You headbutt the two-headed ogre!
The two-headed ogre is heavily wounded.
The two-headed ogre hits you with a +0 giant spiked club!!
The two-headed ogre barely misses you.
You slash the two-headed ogre!
Your headbutt misses the two-headed ogre.
The two-headed ogre is almost dead.
You completely miss the two-headed ogre.
The two-headed ogre is almost dead.
The two-headed ogre hits you with a +0 giant spiked club!!
The two-headed ogre hits you but does no damage.
You hit the two-headed ogre.
You feel better.
The two-headed ogre is almost dead.
You block the two-headed ogre's attack.
The two-headed ogre hits you with a +0 giant club!
* * * LOW HITPOINT WARNING * * *
You hit the two-headed ogre.
You feel better.
The two-headed ogre is almost dead.
The two-headed ogre hits you with a +0 giant spiked club!
* * * LOW HITPOINT WARNING * * *
You block the two-headed ogre's attack.
You hit the two-headed ogre but do no damage.
You headbutt the two-headed ogre, but do no damage.
The two-headed ogre is almost dead.
The two-headed ogre hits you with a +0 giant spiked club!
You die...

#.......# #..#
#.### #.#
#....##.# #..#
#.#.# #.# #....#
# #..#####.#.#
#.# #....#
#..$.......# #.#
#....# #.#.#
#..#.# #.#
##'### #.#.#
#..#.###.# ...#
#.#.# #........#
##.#
#.#O###.##.#####
#.# #.@.))...#.#
### ###.###..#.#
#.# #..#.# #.#
#..#.# ...
...#.# ###
####.# #..


You could see a two-headed ogre.

Vanquished Creatures
  A two-headed ogre (Bailey)
  Pikel (D:7)
  Grinder (D:5)
  Prince Ribbit (D:7)
  Sigmund (D:2)
  4 spriggans (Bailey)
  2 wyverns
  Eustachio (D:5)
  A steam dragon (Bailey)
  A water moccasin (D:6)
  A black bear (D:6)
  2 ice beasts
  An orc warrior (D:6)
  A sky beast (D:8)
  6 ogres (Bailey)
  2 wolves (D:6)
  A kobold brigand (D:8)
  2 phantoms
  3 gnoll sergeants (D:6)
  A bullfrog (D:8)
  5 scorpions
  3 wights (D:7)
  4 killer bees (D:6)
  An electric eel (D:6)
  A howler monkey (D:7)
  3 centaur zombies (Ossuary)
  6 hounds
  2 human zombies (Ossuary)
  4 gnoll boudas
  5 orc priests
  Crazy Yiuf (D:5)
  Terence (D:2)
  2 iguanas
  An orc wizard (D:6)
  2 mummies (Ossuary)
  10 adders
  36 gnolls
  A shadow imp (D:7)
  2 white imps
  A worm (D:2)
  2 dart slugs
  25 orcs
  3 ball pythons
  6 bats
  6 endoplasms
  2 giant cockroaches (D:2)
  4 goblins
  5 hobgoblins
  12 jackals
  14 kobolds
  3 quokkas
  2 frilled lizards (D:3)
  2 goblin zombies (Ossuary)
  11 hobgoblin zombies (Ossuary)
  10 kobold zombies (Ossuary)
  7 orc zombies (Ossuary)
  6 rats
  A rat zombie (Ossuary)
246 creatures vanquished.

Notes
Turn   | Place    | Note
-------+----------+-------------------------------------------
     0 | D:1      | Peloso the Minotaur Fighter began the quest for the Orb.
     0 | D:1      | Reached XP level 1. HP: 19/19 MP: 0/0
    82 | D:1      | Reached XP level 2. HP: 27/27 MP: 1/1
   130 | D:1      | Found Nepsopt's Magic Scroll Shop.
   539 | D:1      | Reached XP level 3. HP: 33/33 MP: 2/2
   632 | D:2      | Reached XP level 4. HP: 23/40 MP: 3/3
   728 | D:2      | Noticed Terence
   735 | D:2      | Killed Terence
   848 | D:2      | Identified the +7 whip of the Special Beds {drain, Int+3}
   851 | D:2      | Noticed Sigmund
   875 | D:2      | Killed Sigmund
   876 | D:2      | Reached skill level 5 in Long Blades
   876 | D:2      | Reached skill level 1 in Dodging
   876 | D:2      | Reached XP level 5. HP: 15/47 MP: 4/4
   876 | D:2      | Reached XP level 6. HP: 17/53 MP: 5/5
  1100 | D:2      | Reached skill level 5 in Armour
  1275 | D:3      | Found Doakom's Armour Shop.
  1286 | D:3      | Noticed an ice beast
  1293 | D:3      | Killed an ice beast
  1294 | D:3      | Reached skill level 1 in Maces & Flails
  2056 | D:4      | Reached skill level 2 in Maces & Flails
  2056 | D:4      | Reached XP level 7. HP: 60/60 MP: 6/6
  2149 | D:4      | Reached skill level 5 in Fighting
  2656 | D:4      | Reached skill level 3 in Maces & Flails
  2797 | D:5      | Entered Level 5 of the Dungeon
  2918 | D:5      | Noticed Grinder
  2927 | D:5      | Killed Grinder
  2928 | D:5      | Reached skill level 4 in Maces & Flails
  2933 | D:5      | Reached skill level 5 in Maces & Flails
  2933 | D:5      | Reached skill level 5 in Shields
  2933 | D:5      | Reached XP level 8. HP: 45/68 MP: 7/7
  3025 | D:5      | Found a sand-covered staircase.
  3046 | Ossuary  | Entered an ossuary
  3213 | Ossuary  | Reached skill level 6 in Maces & Flails
  3695 | D:5      | Noticed Eustachio
  3718 | D:5      | Killed Eustachio
  3719 | D:5      | Reached skill level 7 in Maces & Flails
  3719 | D:5      | Reached skill level 1 in Stealth
  3973 | D:5      | Found a runed translucent door.
  3974 | D:5      | Noticed Crazy Yiuf
  3979 | D:5      | Killed Crazy Yiuf
  4225 | D:5      | Found a large runed translucent door.
  4226 | D:5      | Found a large runed translucent door.
  4361 | D:5      | Found a burning altar of Makhleb.
  4369 | D:5      | Found an iron altar of Okawaru.
  4373 | D:5      | Became a worshipper of Warmaster Okawaru
  4556 | D:1      | Bought a scroll of magic mapping for 97 gold pieces
  4556 | D:1      | Bought a scroll of noise for 13 gold pieces
  4556 | D:1      | Bought a scroll of identify for 26 gold pieces
  4556 | D:1      | Bought a scroll of blinking for 97 gold pieces
  4785 | D:6      | Found Loedemp's Weapon Shop.
  4796 | D:6      | Found a staircase to the Ecumenical Temple.
  4850 | D:6      | Reached skill level 8 in Maces & Flails
  4859 | D:6      | Reached XP level 9. HP: 65/78 MP: 8/8
  4973 | D:6      | Reached * piety under Okawaru
  5336 | D:6      | Reached skill level 9 in Maces & Flails
  5445 | Temple   | Entered the Ecumenical Temple
  5646 | D:6      | Reached ** piety under Okawaru
  5936 | D:6      | Found a sparkling altar of Nemelex Xobeh.
  6271 | D:7      | Noticed Pikel
  6307 | D:7      | Killed Pikel
  6308 | D:7      | Reached skill level 10 in Maces & Flails
  6330 | D:7      | Found a flagged portal.
  6339 | Bailey   | Entered a bailey
  6398 | Bailey   | Reached XP level 10. HP: 73/88 MP: 9/9
  6642 | Bailey   | Reached *** piety under Okawaru
  6786 | Bailey   | Noticed a two-headed ogre
  6802 | Bailey   | Killed a two-headed ogre
  6803 | Bailey   | Reached skill level 11 in Maces & Flails
  7057 | D:7      | Noticed Prince Ribbit
  7069 | D:7      | Killed Prince Ribbit
  7233 | D:7      | Identified the +2 pair of gloves of the Catamount {Will+++
                  | Regen+ Str-4}
  7421 | D:7      | Found Vimatziv's Weapon Shop.
  7712 | D:8      | Reached **** piety under Okawaru
  8201 | D:8      | Identified the ring of Waibbo Ulae {rPois Str+2 Dex+6}
  8339 | D:8      | Noticed a two-headed ogre
  8349 | D:8      | Mangled by a two-headed ogre

Illustrated notes

Levels and vault maps discovered:
D:1:      ncdulo_watergridlock, layout_loops_cross, serial_shops, shop
D:2:      layout_rooms, uniq_sigmund, uniq_terence
D:3:      layout_loops_ring, serial_shops, shop
D:4:      layout_basic, serial_glass, glass_columns_a, glass_columns_c
D:5:      layout_layer_cave, jmf_multi_god_temple2,
          nicolae_ossuary_entry_false_entrances, uniq_eustachio, uniq_grinder,
          uniq_crazy_yiuf_cottage
D:6:      layout_cave_pools, lemuel_tele_altar, minmay_temple_entry_overgrown,
          serial_gnoll_camp, gnoll_camp_mini_doghouse, gnoll_camp_medium_01,
          gnoll_camp_mini_loothouse, gnoll_camp_huts_moat, gnoll_camp_mini_hut,
          gnoll_camp_mini_shop
D:7:      layout_gridville, enter_bailey_2, serial_shops, shop, uniq_pikel,
          uniq_prince_ribbit1
D:8:      layout_basic, st_stairs_14, hangedman_decor_diamond_cutter,
          minivault_22
Temple:   hellmonk_temple_of_storms

Skill      XL: |  1  2  3  4  5  6  7  8  9 10 |
---------------+-------------------------------+-----
Fighting       | 4 5 6 7 8 |  8.5
Long Blades    | 3 5 6 |  6.4
Armour         | 4 5 6 7 8 9 |  9.4
Shields        | 4 5 7 8 |  8.3
Dodging        | 1 2 3 |  3.8
Maces & Flails | 2 5 8 10 11 | 11.3
Stealth        | 1 |  1.4
Invocations    | |  0.2
Evocations     | |  0.6

Action                     |  1- 3 |  4- 6 |  7- 9 | 10-12 || total
---------------------------+-------+-------+-------+-------++-------
  Melee: Long sword        |    75 |    42 |       |    86 ||   203
         Headbutt          |     9 |    10 |    75 |    34 ||   128
         Whip              |       |    49 |   376 |    50 ||   475
 Invoke: Heroism           |       |       |       |     2 ||     2
  Evoke: Wand              |       |       |     3 |       ||     3
    Use: Potion            |       |     1 |       |       ||     1
         Scroll            |       |       |       |     8 ||     8
 Armour: Scale mail        |    54 |    38 |       |       ||    92
         Chain mail        |       |     2 |   208 |    47 ||   257
  Dodge: Dodged            |    36 |    28 |   162 |    38 ||   264
  Block: Buckler           |    18 |    19 |    97 |       ||   134
         Kite shield       |       |       |    40 |    69 ||   109
